 Dungeon Crawl Stone Soup version 0.19-a0-1401-g902f63d (webtiles) character file.

3778 poirepourri the Thaumaturge (level 9, -12/47 HPs)
             Began as a Deep Elf Fire Elementalist on Sept 4, 2016.
             Was an Initiate of Vehumet.
             Hit by a large rock thrown by a cyclops (40 damage)
             ... on level 9 of the Dungeon.
             The game lasted 00:17:18 (15029 turns).

poirepourri the Thaumaturge (DEFE)                 Turns: 15029, Time: 00:17:19

Health: -12/47     AC: 10    Str: 11    XL:     9   Next: 95%
Magic:  12/27      EV: 14    Int: 30    God:    Vehumet [......]
Gold:   348        SH:  0    Dex: 15    Spells: 6 memorised, 15 levels left

rFire  . . .     SeeInvis .     d - +3 short sword
rCold  . . .     Gourm    .     a - +2 robe
rNeg   . . .     Faith    .     (no shield)
rPois  .         Spirit   .     (no helmet)
rElec  .         Dismiss  .     C - +2 cloak {+Inv}
rCorr  .         Reflect  .     (no gloves)
MR     .....     Harm     .     t - +2 pair of boots
Stlth  ++........               (no amulet)
                                l - +6 ring of strength
                                x - +6 ring of intelligence

@: very slightly contaminated
A: no striking features
a: Renounce Religion, Evoke Invisibility


You were on level 9 of the Dungeon.
You worshipped Vehumet.
Vehumet was noncommittal.
You were not hungry.

You visited 2 branches of the dungeon, and saw 10 of its levels.
You also visited: Ossuary.

You collected 348 gold pieces.

Inventory:

Hand Weapons
 d - a +3 short sword (weapon)
Missiles
 y - 3 javelins (quivered)
Armour
 a - a +2 robe (worn)
 t - a +2 pair of boots (worn)
 C - a +2 cloak of invisibility (worn)
 F - a +0 scale mail
 G - the cursed +1 ring mail of Kaan {-Tele rN+ Dex+4 SInv, unknown}
   (You found it on level 8 of the Dungeon)

   It affects your dexterity (+4).
   It protects you from negative energy.
   It lets you see invisible.
   It prevents most forms of teleportation.
   It has a curse placed upon it.
Rods
 A - a -3 iron rod (13/13)
   (You found it on level 5 of the Dungeon)
Jewellery
 j - a +2 ring of dexterity
 l - a +6 ring of strength (right hand)
 x - a +6 ring of intelligence (left hand)
Scrolls
 e - a scroll of amnesia
 i - 3 scrolls of teleportation
 q - a scroll of magic mapping
 B - 2 scrolls of remove curse
 E - 2 scrolls of enchant armour
 L - a scroll of summoning {unknown}
Potions
 f - 3 potions of might
 h - 2 potions of brilliance
 k - a potion of curing
 m - a potion of magic
 n - a potion of invisibility
 o - 2 potions of resistance
 r - a potion of degeneration {unknown}
 s - a potion of haste {unknown}
 u - a potion of lignification {unknown}
 v - a potion of ambrosia
 w - a potion of cure mutation {unknown}
 z - a potion of heal wounds
 D - 3 potions of agility
 I - 2 potions of berserk rage {unknown}
Books
 b - a book of Flames

   Spells                             Type                      Level
   a - Flame Tongue                   Conjuration/Fire             1
   b - Throw Flame                    Conjuration/Fire             2
   c - Conjure Flame                  Conjuration/Fire             3
   d - Inner Flame                    Hexes/Fire                   3
   e - Sticky Flame                   Conjuration/Fire             4
   f - Fireball                       Conjuration/Fire             5
 g - a Young Poisoner's Handbook

   Spells                             Type                      Level
   a - Sting                          Conjuration/Poison           1
   b - Mephitic Cloud                 Conjuration/Poison/Air       3
   c - Olgreb's Toxic Radiance        Poison                       4
   d - Alistair's Intoxication        Transmutation/Poison         5
   e - Venom Bolt                     Conjuration/Poison           5
Comestibles
 c - 2 bread rations
 p - 7 fruits
 J - a slice of pizza


   Skills:
 + Level 1.0 Fighting
 + Level 4.4 Dodging
 - Level 2.4 Stealth
 * Level 12.9 Spellcasting
 + Level 7.5 Conjurations
 + Level 8.0 Fire Magic


You had 15 spell levels left.
You knew the following spells:

 Your Spells              Type           Power        Failure   Level  Hunger
a - Flame Tongue          Conj/Fire      #####        1%          1    None
b - Throw Flame           Conj/Fire      ######       1%          2    None
c - Conjure Flame         Conj/Fire      ######..     1%          3    None
d - Inner Flame           Hex/Fire       #####...     1%          3    None
e - Sticky Flame          Conj/Fire      ######..     1%          4    None
f - Fireball              Conj/Fire      ######....   2%          5    #......


Dungeon Overview and Level Annotations

Branches:
Dungeon (9/15)             Temple (1/1) D:7
   Lair: D:8-11         Orc: D:9-12

Altars:
Ashenzari
Cheibriados
Dithmenos
Elyvilon
Fedhas
Gozag
Hepliaklqana
Kikubaaqudgha
Makhleb
Nemelex Xobeh
Okawaru
Qazlal
Ru
Sif Muna
Trog
Uskayaw
Vehumet
Xom
Yredelemnul
Zin
The Shining One

Annotations:
D:8 st0uf's ghost, novice GrEE


Message History

Press: ? - help, Shift-Dir - straight line The fireball explodes!
The fireball engulfs the cyclops.
The cyclops is severely wounded.
Casting: Fireball
Confirm with . or Enter, or press ? or * to list all spells.
Aiming: Flame Tongue
Press: ? - help, Shift-Dir - straight line, f - cyclops
Aim: a cyclops (severely wounded)
The flame tongue hits the cyclops.
The cyclops is severely wounded.
Casting: Flame Tongue
Confirm with . or Enter, or press ? or * to list all spells.
Aiming: Flame Tongue
Press: ? - help, Shift-Dir - straight line, f/p - cyclops
Aim: a cyclops (severely wounded)
The flame tongue hits the cyclops.
The cyclops is severely wounded.
The cyclops throws a large rock.
The large rock hits you!!!
Ouch! That really hurt!
You die...

#........ #........
#################........
.........................
.........#####'#.........
.........#.....#.........
^........#.....#.........
...#####.#.....+.........
...#...#.#######@..######
...#...#...........#
...#...#...........#
...#...#...........#
...#...#######.C...#
...#.........#.....#
...'.........#.....#
##.#.........#.....#
.#.#.........#


You could see a cyclops.

Vanquished Creatures
  A hill giant (D:8)
  Grinder (D:6)
  Prince Ribbit (D:6)
  2 wyverns
  Eustachio (D:6)
  Menkaure (D:5)
  2 ice beasts
  An orc warrior (D:6)
  A phantom (D:7)
  2 ogres
  2 centaurs
  2 elf zombies (Ossuary)
  2 giant frogs (D:8)
  A scorpion (D:5)
  A howler monkey (D:7)
  2 giant frog zombies
  5 hounds
  A quasit (D:7)
  2 centaur zombies (Ossuary)
  2 human zombies (Ossuary)
  3 jellies
  A giant frog skeleton (D:5)
  4 orc priests
  Crazy Yiuf (D:6)
  3 orc wizards
  3 iguanas
  7 worker ants
  2 hound zombies
  3 mummies (Ossuary)
  4 gnolls (D:8)
  9 adders
  A shadow imp (D:6)
  5 adder zombies
  2 worms
  5 dart slugs
  4 giant geckos
  12 orcs
  2 ball pythons
  6 bats
  12 giant cockroaches
  7 goblins
  5 hobgoblins
  4 jackals (D:1)
  8 kobolds
  4 quokkas
  A giant gecko skeleton (D:8)
  A giant gecko zombie (D:5)
  10 giant newts
  A gnoll zombie (Ossuary)
  2 goblin zombies (Ossuary)
  3 hobgoblin zombies (Ossuary)
  A jackal zombie (Ossuary)
  11 kobold zombies (Ossuary)
  5 quokka zombies (Ossuary)
  5 rats
  2 rat zombies (Ossuary)
192 creatures vanquished.

Notes
Turn   | Place    | Note
-------+----------+-------------------------------------------
     0 | D:1      | poirepourri the Deep Elf Fire Elementalist began the quest for the Orb.
     0 | D:1      | Reached XP level 1. HP: 10/10 MP: 6/6
   320 | D:1      | Reached XP level 2. HP: 11/15 MP: 2/8
   507 | D:1      | Learned a level 2 spell: Throw Flame
   908 | D:1      | Reached XP level 3. HP: 11/19 MP: 1/10
  2223 | D:2      | Reached skill level 4 in Spellcasting
  2944 | D:2      | Reached XP level 4. HP: 24/24 MP: 3/12
  3623 | D:3      | Learned a level 3 spell: Conjure Flame
  3627 | D:3      | Learned a level 3 spell: Inner Flame
  3803 | D:3      | Found a snail-covered altar of Cheibriados.
  4024 | D:3      | Found a stormy altar of Qazlal.
  4048 | D:3      | Found a shimmering altar of Xom.
  4048 | D:3      | Found an opulent altar of Gozag.
  4721 | D:3      | Found a sacrificial altar of Ru.
  4845 | D:4      | Found a basalt altar of Yredelemnul.
  4872 | D:4      | Reached XP level 5. HP: 25/28 MP: 1/14
  5204 | D:4      | Reached skill level 5 in Spellcasting
  6306 | D:4      | Reached skill level 6 in Spellcasting
  6306 | D:4      | Reached skill level 5 in Fire Magic
  6306 | D:4      | Reached XP level 6. HP: 32/32 MP: 7/17
  6599 | D:5      | Entered Level 5 of the Dungeon
  7218 | D:5      | Found a sand-covered staircase.
  7271 | Ossuary  | Entered an ossuary
  7854 | Ossuary  | Reached XP level 7. HP: 27/36 MP: 0/19
  8102 | Ossuary  | Reached skill level 7 in Spellcasting
 10024 | D:5      | Noticed Menkaure
 10026 | D:5      | Killed Menkaure
 10026 | D:5      | Reached skill level 8 in Spellcasting
 10251 | D:5      | Reached skill level 5 in Conjurations
 10479 | D:6      | Noticed Prince Ribbit
 10485 | D:6      | Killed Prince Ribbit
 10485 | D:6      | Reached skill level 9 in Spellcasting
 10485 | D:6      | Reached XP level 8. HP: 20/41 MP: 9/23
 10650 | D:6      | Learned a level 4 spell: Sticky Flame
 10656 | D:6      | Learned a level 5 spell: Fireball
 11553 | D:6      | Noticed Grinder
 11559 | D:6      | Killed Grinder
 11559 | D:6      | Reached skill level 10 in Spellcasting
 11787 | D:6      | Reached skill level 11 in Spellcasting
 11789 | D:6      | Noticed Eustachio
 11794 | D:6      | Killed Eustachio
 11794 | D:6      | Reached XP level 9. HP: 46/46 MP: 10/26
 11957 | D:6      | Found a runed door.
 11964 | D:6      | Noticed Crazy Yiuf
 11971 | D:6      | Killed Crazy Yiuf
 12150 | D:7      | Found a staircase to the Ecumenical Temple.
 12180 | Temple   | Entered the Ecumenical Temple
 12229 | Temple   | Became a worshipper of Vehumet
 12670 | D:7      | You fall through a shaft!
 13055 | D:8      | Noticed a hill giant
 13068 | D:8      | Killed a hill giant
 13068 | D:8      | Reached skill level 12 in Spellcasting
 13278 | D:8      | Found a shattered altar of Ashenzari.
 13300 | D:8      | Found a burning altar of Makhleb.
 13669 | D:8      | Noticed st0uf's ghost (novice GrEE)
 13670 | D:8      | Got a faintly humming ring mail
 14060 | D:8      | Reached skill level 1 in Fighting
 15020 | D:9      | Noticed a cyclops
 15022 | D:9      | Identified a scroll of acquirement
 15023 | D:9      | HP: 1/47 [cyclops/large rock (32)]
 15029 | D:9      | Hit by a large rock thrown by a cyclops

Vault maps used:
D:1:      sevenhm_arrival_forest_fort_large_2
D:2:      first_bread, minmay_tree_intersection
D:3:      nicolae_ru_the_path_less_chosen, gammafunk_temple_overflow_forgotten,
          old_standard_altar, kennysheep_cross_room
D:4:      nicolae_overflow_hidden_temple
D:5:      nicolae_ossuary_entry_monument, uniq_menkaure
D:6:      uniq_grinder, uniq_prince_ribbit1, uniq_crazy_yiuf_cottage,
          uniq_eustachio
D:8:      nicolae_ashenzari_panopticon, makhleb_heckhound_becter, basic_altar
Temple:   cyrus_circular_temple
Ossuary:  minmay_ossuary_two_tombs

Skill      XL: |  1  2  3  4  5  6  7  8  9 |
---------------+----------------------------+-----
Fire Magic     | 4 5 6 7 8 |  8.0
Conjurations   | 2 3 4 5 6 7 |  7.5
Spellcasting   | 4 6 9 11 12 | 12.9
Dodging        | 4 |  4.4
Fighting       | 1 |  1.0
Stealth        | |  2.4

Action                   |  1- 3 |  4- 6 |  7- 9 || total
-------------------------+-------+-------+-------++-------
Melee: Short sword       |       |     1 |     3 ||     4
Throw: Javelin           |       |       |     2 ||     2
 Cast: Flame Tongue      |    66 |    98 |   122 ||   286
       Throw Flame       |    27 |    72 |   179 ||   278
       Conjure Flame     |       |       |     8 ||     8
       Fireball          |       |       |     1 ||     1
       Sticky Flame      |       |       |     1 ||     1
  Use: Potion            |     3 |     1 |     1 ||     5
       Scroll            |     6 |    11 |    15 ||    32
  Eat: Bread ration      |     1 |     3 |     3 ||     7
       Beef jerky        |     1 |     2 |       ||     3
       Fruit             |       |     2 |     1 ||     3
       Meat ration       |       |       |     1 ||     1
Armor: Robe              |    13 |    16 |    50 ||    79
Dodge: Dodged            |    45 |    39 |    92 ||   176
